Map: Magannatha LE

Players

jeannysu - Winner!

  • Race: Protoss Protoss
  • Spawn Location: 5:00

VOD

Have the link to the VOD?

Description

Time

  • Played on: Sept. 5, 2025, 5:05 a.m.
  • Length: 14:46
Show
View Real Time Build Order
Export as new Build Order

jeannysu Protoss - Winner!

Build Orders:  

Get SALT Encoding   

  12  0:05  Probe (Chrono Boost)  
  13  0:22  Probe (Chrono Boost)  
  14  0:31  Pylon  
  14  0:34  Probe (Chrono Boost)  
  15  0:54  Probe (Chrono Boost)  
  15  0:59  Gateway  
  17  1:11  Probe (Chrono Boost)  
  17  1:12  Assimilator  
  17  1:28  Probe (Chrono Boost)  
  18  1:55  Probe (Chrono Boost)  
  19  2:09  Cybernetics Core  
  20  2:12  Probe (Chrono Boost)  
  20  2:21  Nexus  
  20  2:32  Zealot  
  22  2:47  Pylon  
  22  3:18  Probe (Chrono Boost)  
  23  3:21  Twilight Council  
  23  3:35  Probe (Chrono Boost)  
  23  3:40  Stalker  
  25  4:02  Assimilator  
  25  4:04  Probe (Chrono Boost)  
  25  4:05  Warp Gate, Probe (Chrono Boost)  
  27  4:19  Probe (Chrono Boost)  
  29  4:20  Probe (Chrono Boost), Sentry  
  31  4:31  Probe x2 (Chrono Boost)  
  33  4:42  Probe (Chrono Boost)  
  33  4:43  Probe (Chrono Boost)  
  35  4:50  Gateway  
  35  4:53  Gateway  
  35  4:58  Probe x2 (Chrono Boost)  
  37  5:04  Shield Battery  
  37  5:12  Shield Battery  
  37  5:15  Probe x2 (Chrono Boost)  
  39  5:22  Robotics Facility  
  39  5:32  Probe (Chrono Boost)  
  39  5:34  Zealot  
  43  5:40  Probe (Chrono Boost)  
  43  5:49  Probe (Chrono Boost)  
  44  5:57  Probe (Chrono Boost)  
  45  6:02  Pylon  
  45  6:06  Probe (Chrono Boost)  
  46  6:10  Assimilator  
  46  6:13  Assimilator  
  46  6:24  Pylon  
  47  6:30  Probe (Chrono Boost)  
  47  6:32  Immortal  
  51  6:42  Zealot  
  53  6:56  Probe (Chrono Boost)  
  53  6:58  Probe (Chrono Boost)  
  55  7:03  Zealot x2  
  59  7:13  Probe (Chrono Boost)  
  59  7:15  Probe (Chrono Boost)  
  61  7:24  Nexus  
  61  7:29  Pylon  
  62  7:30  Probe (Chrono Boost)  
  62  7:33  Forge  
  62  7:36  Forge  
  62  7:50  Charge  
  62  7:56  Pylon  
  62  7:57  Probe (Chrono Boost)  
  63  8:01  Assimilator  
  63  8:04  Warp Prism  
  63  8:06  Assimilator  
  63  8:07  Zealot x2  
  69  8:14  Probe (Chrono Boost)  
  69  8:18  Pylon  
  70  8:31  Templar Archives  
  70  8:32  Protoss Ground Weapons Level 1  
  70  8:33  Protoss Ground Armor Level 1  
  70  8:38  Stalker  
  72  8:49  Probe x2 (Chrono Boost)  
  74  9:03  Stalker  
  74  9:05  Probe (Chrono Boost)  
  74  9:06  Probe (Chrono Boost)  
  74  9:07  Stalker  
  80  9:16  Probe (Chrono Boost)  
  80  9:17  Probe (Chrono Boost)  
  82  9:23  Probe (Chrono Boost)  
  82  9:24  Psionic Storm  
  82  9:28  Probe (Chrono Boost)  
  83  9:34  Probe (Chrono Boost)  
  86  9:40  Probe (Chrono Boost)  
  86  9:43  Probe (Chrono Boost)  
  86  9:47  Gateway  
  88  9:51  Probe (Chrono Boost)  
  88  9:54  Gateway  
  88  9:57  Gateway  
  88  10:00  Gateway  
  88  10:05  Gateway  
  88  10:15  High Templar x3  
  94  10:22  Probe (Chrono Boost)  
  94  10:23  Probe x2 (Chrono Boost)  
  97  10:34  Pylon  
  97  10:44  Blink  
  97  10:54  Probe (Chrono Boost)  
  98  11:05  Probe (Chrono Boost)  
  99  11:10  Stalker x4  
  99  11:13  Zealot  
  109  11:26  Probe (Chrono Boost)  
  94  11:43  Probe (Chrono Boost)  
  95  11:54  Zealot x5  
  95  11:55  Zealot x2  
  109  12:04  Pylon  
  108  12:12  Probe (Chrono Boost)  
  104  12:22  Stalker x3  
  108  12:42  Archon  
  108  12:51  High Templar x4  
  116  13:19  Pylon  
  112  13:20  Archon  
  112  13:21  Pylon  
  112  13:22  Archon  
  112  13:23  Pylon  
  112  13:25  Pylon  
  112  13:27  Pylon  
  112  13:29  Pylon  
  112  13:31  High Templar x2  
  112  13:32  Pylon  
  112  13:33  Nexus  
  112  13:37  Pylon  
  112  13:38  Pylon  
  116  13:42  Pylon  
  116  13:45  Pylon  
  114  14:22  Zealot x7  
  114  14:23  Zealot  
  130  14:34  Gateway  
  130  14:38  Gateway  
  134  14:40  Pylon  
Tags
 
Matchup
Co-op
Replay Pack
새 폴더
Add a new tag
Caveats
  • Supply blocks, unpowered buildings, or Contaminate may cause inaccurate times.
  • Supply counts are checked every 10 seconds.